 Dungeon Crawl Stone Soup version 0.25-a0-353-ged6d54792d (webtiles) character file.

Game seed: 654981208982016110, levelgen mode: classic

56 Borgoz the Cudgeler (level 3, -1/22 HPs)
             Began as a Gargoyle Gladiator on Jan 2, 2020.
             Slain by Crazy Yiuf
             ... wielding a +2 quarterstaff of chaos
              (4 damage)
             ... on level 2 of the Dungeon.
             The game lasted 00:01:30 (1528 turns).

Borgoz the Cudgeler (Gargoyle Gladiator)            Turns: 1528, Time: 00:01:32

Health: -1/22      AC: 12    Str: 18    XL:     3   Next: 95%
Magic:  3/3        EV:  8    Int:  8    God:
Gold:   63         SH:  0    Dex: 11    Spells: 2/2 levels left

rFire    . . .     SeeInvis .   a - +0 flail
rCold    . . .     Gourm    .   (no shield)
rNeg     + . .     Faith    .   m - +0 chain mail (curse)
rPois    ∞         Spirit   .   c - +0 helmet
rElec    +         Reflect  .   (no cloak)
rCorr    .         Harm     .   (no gloves)
MR       .....                  (no boots)
Stlth    ..........             (no amulet)
HPRegen  0.07/turn              (no ring)
MPRegen  0.08/turn              (no ring)

@: slowed, very slow
A: negative energy resistance 1, electricity resistance, unbreathing,
petrification resistance, rot immunity, AC +3
a: no special abilities


You were on level 2 of the Dungeon.
You were not hungry.

You visited 1 branch of the dungeon, and saw 2 of its levels.

You collected 63 gold pieces.

Inventory:

Hand Weapons
 a - a +0 flail (weapon)
Missiles
 d - 3 throwing nets (quivered)
Armour
 c - a +0 helmet (worn)
 m - a cursed +0 chain mail (worn)
Scrolls
 h - a scroll of identify {unknown}
 k - a scroll of enchant weapon {unknown}
Potions
 e - a potion of might {unknown}
 g - a potion of brilliance {unknown}
 i - a potion of invisibility {unknown}
 j - a potion of curing {unknown}
 l - a potion of degeneration {unknown}
Comestibles
 f - 3 rations


   Skills:
 + Level 2.8 Fighting
 * Level 3.8 Maces & Flails
 - Level 1.7 Throwing
 + Level 1.3 Armour
 + Level 2.7 Dodging


You had 2 spell levels left.
You didn't know any spells.
Your spell library was empty.

Dungeon Overview and Level Annotations

Branches:
Dungeon (2/15)

Altars:

Annotations:
D:2 Crazy Yiuf


Innate Abilities, Weirdness & Mutations

You are resistant to torment.
Your stone body is resilient. (AC +3)
You are immune to poison.
You resist negative energy. (rN+)
You are resistant to electric shocks. (rElec)
You can survive without breathing.
You are immune to petrification.
You are immune to rotting.


Message History

There is an open door here.
Crazy Yiuf laughs, "Goober alas arga!"
You open the door. You closely miss Crazy Yiuf.
Crazy Yiuf hits you with a +2 quarterstaff of chaos.
Crazy Yiuf burns you.
Crazy Yiuf says, "Goober!"
Crazy Yiuf hits you with a +2 quarterstaff of chaos.
You feel yourself slow down.
You barely miss Crazy Yiuf. Crazy Yiuf hits you but does no damage.
You hit Crazy Yiuf.
Crazy Yiuf is moderately wounded.
Crazy Yiuf hits you but does no damage. x2
You hit Crazy Yiuf.
Crazy Yiuf is severely wounded.
Crazy Yiuf says, "Snurf illywillydillykilly forty-two!"
Crazy Yiuf hits you with a +2 quarterstaff of chaos!
* * * LOW HITPOINT WARNING * * *
Crazy Yiuf burns you.
You die...

#........####.##
########## #.#
#.# ##### #.#
#)..# #.# #...#
#.# ... #.# #g#
##.######## ♣@♣♣
#.........##
♣♣.♣
#..##.......
#### ♣.♣♣
#...#.###.##
#..# ♣♣.♣
#.....# #.##
###..# ♣♣.♣♣
#.)÷### #.##
#....# ♣♣...♣
#..## #.##
#..#.# ♣....♣
#..######.##
#..#.# #....#
#.........#.
#..#.####....#
##'######...


You could see Crazy Yiuf.

Vanquished Creatures
  An adder (D:2)
  A worm (D:2)
  A dart slug (D:1)
  3 giant cockroaches
  4 goblins
  6 hobgoblins
  3 jackals (D:1)
  5 kobolds
  A ball python (D:2)
  6 bats (D:2)
  3 frilled lizards
  A leopard gecko skeleton (D:2)
  5 rats
40 creatures vanquished.

Notes
Turn   | Place    | Note
-------+----------+-------------------------------------------
     0 | D:1      | Borgoz the Gargoyle Gladiator began the quest for the Orb.
     0 | D:1      | Reached XP level 1. HP: 12/12 MP: 1/1
   109 | D:1      | Reached XP level 2. HP: 12/18 MP: 2/2
   616 | D:2      | Reached skill level 1 in Armour
   632 | D:2      | Reached XP level 3. HP: 21/22 MP: 3/3
  1201 | D:2      | Found a runed translucent door.
  1202 | D:2      | Noticed Crazy Yiuf
  1528 | D:2      | Slain by Crazy Yiuf

Levels and vault maps discovered:
D:1:      dpeg_arrival_lava_altar, layout_rooms, minivault_27,
          minmay_tetromino_l2
D:2:      layout_loops_corners, uniq_crazy_yiuf_cottage

Skill      XL: |  1  2 |
---------------+-------+-----
Armour         | 1 |  1.3
Fighting       | |  2.8
Maces & Flails | |  3.8
Throwing       | |  1.7
Dodging        | |  2.7

Action                   || total
-------------------------++-------
Melee: Flail             ||   165
  Eat: Chunk             ||     2
Armor: Leather armour    ||     5
       Plate armour      ||    89
       Chain mail        ||    84
Dodge: Dodged            ||   101

Table legend:
 A = Non-vault XP
 B = Vault XP
 C = Vault XP percentage of total XP
 D = Non-vault monster count
 E = Vault monster count
 F = Vault count percentage of total count
                 A         B        C        D         E       F
            +---------+---------+-------+---------+---------+-------
      Total |      75 |       5 |   6.2 |      38 |       2 |   5.0
            +---------+---------+-------+---------+---------+-------
        D:1 |      24 |       5 |  17.2 |      14 |       2 |  12.5
        D:2 |      51 |       0 |   0.0 |      24 |       0 |   0.0
            +---------+---------+-------+---------+---------+-------
